 Dungeon Crawl Stone Soup version 0.32-a0-711-g016ad743e0 (webtiles) character file.

Game seed: 16326666802385267111

153 Griffin23 the Covered (level 5, 0/47 HPs)
             Began as a Minotaur Fighter on Mar 15, 2024.
             Succumbed to a kobold brigand's poison
             ... in a sewer.
             The game lasted 00:03:45 (1901 turns).

Griffin23 the Covered (Minotaur Fighter)            Turns: 1901, Time: 00:03:46

Health: 0/47       AC:  9    Str: 22    XL:     5   Next: 12%
Magic:  4/4        EV:  7    Int:  5    God:
Gold:   109        SH:  5    Dex: 16    Spells: 4/4 levels left

rFire   . . .        a - +0 long sword
rCold   . . .        c - +0 buckler
rNeg    . . .        k - +0 chain mail
rPois   .            (helmet restricted)
rElec   .            (no cloak)
rCorr   .            (no gloves)
SInv    .            (no boots)
Will    .....        (no amulet) Stlth
                     i - +6 ring of dexterity
HPRegen 0.27/turn    (no ring)
MPRegen 0.09/turn

%: clarity
@: mighty, lethally poisoned (0 -> -6), hasted, very quick
A: horns 2, retaliatory headbutt, clarity
a: no special abilities


You were in a sewer.
You visited 1 branch of the dungeon, and saw 3 of its levels.
You also visited: Sewer.

You collected 109 gold pieces.

Inventory:

Hand Weapons
 a - a +0 long sword (weapon)
Armour
 b - a +0 scale mail
 c - a +0 buckler (worn)
 k - a +0 chain mail (worn)
Jewellery
 i - a +6 ring of dexterity (left hand)
 j - a ring of magical power
Scrolls
 f - 2 scrolls of teleportation {unknown}
 g - 6 scrolls of identify {unknown}
 m - 2 scrolls of noise {unknown}


   Skills:
 + Level 4.7 Fighting
 + Level 3.8 Long Blades
 + Level 4.7 Armour
 + Level 4.7 Shields


You had 4 spell levels left.
You didn't know any spells.
Your spell library contained the following spells:

 Spells                   Type           Power      Damage    Failure   Level
 Volatile Blastmotes      Fire/Tloc      0%         2d10      100%        3
 Fulminant Prism          Conj/Alch      0%         3d5       100%        4
 Iskenderun's Mystic Bla  Conj/Tloc      0%         2d3       100%        4


Dungeon Overview and Level Annotations

Branches:
Dungeon (3/15)              Sewer (1/1)

Altars:

Shops:
D:1 !


Innate Abilities, Weirdness & Mutations

You have a pair of horns on your head.
You reflexively headbutt those who attack you in melee.
You possess an exceptional clarity of mind.


Message History

The kobold brigand is heavily wounded.
You feel very sick.
The kobold brigand hits you with a +2 short sword of venom.
You are lethally poisoned!
You are too injured to fight recklessly!
You are too injured to fight recklessly!
You feel very mighty all of a sudden.
* * * LOW HITPOINT WARNING * * *
You feel extremely sick. The kobold brigand barely misses you.
You slash the kobold brigand!
Your headbutt misses the kobold brigand.
The kobold brigand is severely wounded.
* * * LOW HITPOINT WARNING * * *
You feel very sick. You block the kobold brigand's attack.
It was a potion of curing.
You feel better. You block the kobold brigand's attack.
You barely miss the kobold brigand.
The kobold brigand is severely wounded.
The kobold brigand hits you but does no damage.
The kobold brigand hits you with a +2 short sword of venom.
* * * LOW HITPOINT WARNING * * *
You are lethally poisoned!
It was a potion of mutation.
You feel extremely strange.
Your thoughts seem clearer.
* * * LOW HITPOINT WARNING * * *
You feel very sick.
The kobold brigand hits you but does no damage.
You are more poisoned.
You closely miss the kobold brigand. You headbutt the kobold brigand!
You kill the kobold brigand!
* * * LOW HITPOINT WARNING * * *
You feel very sick.
You have reached level 5!
It was a potion of magic.
Magic courses through your body.
* * * LOW HITPOINT WARNING * * *
You feel very sick.
It was a potion of haste.
You feel yourself speed up.
You die...

##### ### .....##.#
..P.....########
..........#....#####
..........'...!#÷∩.#
....~~P~..@).∩.#.∩.#
....~P~~PP#...!#...#
######~~########'###
~~~~~~~~~~~~~~~~~~≈#
≈≈≈≈~≈≈≈≈≈~≈≈≈≈≈~≈≈#
~~~~~~~~~~~~~~~~~~≈#
~~~#################
P~~ .~


There were no monsters in sight!

Vanquished Creatures
  A kobold brigand (Sewer)
  4 adders
  2 orcs (D:3)
  A bat (D:1)
  6 endoplasms
  2 giant cockroaches (D:3)
  3 goblins (D:1)
  A hobgoblin (D:1)
  5 kobolds
  7 quokkas (D:3)
  4 ball pythons
  2 frilled lizards (D:1)
  4 rats
42 creatures vanquished.

Notes
Turn   | Place    | Note
-------+----------+-------------------------------------------
     0 | D:1      | Griffin23 the Minotaur Fighter began the quest for the Orb.
     0 | D:1      | Reached XP level 1. HP: 19/19 MP: 0/0
   228 | D:1      | Found Bifomnut's Distillery.
   372 | D:1      | Reached XP level 2. HP: 27/27 MP: 1/1
   915 | D:2      | Reached XP level 3. HP: 14/33 MP: 2/2
  1853 | D:3      | Reached XP level 4. HP: 40/40 MP: 3/3
  1854 | D:3      | Found a glowing drain.
  1869 | Sewer    | Entered a sewer
  1888 | Sewer    | Noticed a kobold brigand
  1898 | Sewer    | Gained mutation: You possess an exceptional clarity of
                  | mind. [potion of mutation]
  1899 | Sewer    | Killed a kobold brigand
  1900 | Sewer    | Reached XP level 5. HP: 4/47 MP: 4/4
  1900 | Sewer    | HP: 1/47 [poisoned by a kobold brigand]
  1901 | Sewer    | Succumbed to a kobold brigand's poison

Illustrated notes

Levels and vault maps discovered:
D:1:      dpeg_arrival_oval, layout_basic, serial_shops, shop
D:2:      layout_basic
D:3:      layout_basic, nicolae_overflow_crystal_walls, gup_sewer_entry_pipe,
          serial_shops, nicolae_shop_real_fake_doors, gammafunk_ghost_smash
Sewer:    kennysheep_pipe_town

Skill      XL: |  1  2 |
---------------+-------+-----
Fighting       | 4 |  4.7
Long Blades    | 3 |  3.8
Armour         | 4 |  4.7
Shields        | 4 |  4.7

Action                     |  1- 3 |  4- 6 || total
---------------------------+-------+-------++-------
  Melee: Long sword        |    92 |    15 ||   107
         Headbutt          |     7 |     1 ||     8
    Use: Potion            |       |     5 ||     5
 Armour: Scale mail        |    33 |       ||    33
         Chain mail        |    31 |    11 ||    42
  Dodge: Dodged            |    34 |     3 ||    37
  Block: Buckler           |    21 |     5 ||    26

Table legend: (Time is in decaauts)
 A = Elapsed time spent in this place.
 B = Non-inter-level travel time spent in this place.
 C = Inter-level travel time spent in this place.
 D = Time resting spent in this place.
 E = Time spent auto-exploring this place.
 F = Levels seen in this place.
 G = Mean time per level.
                   A        B        C        D        E       F      G
               +--------+--------+--------+--------+--------+-----+--------+
         Total |   1941 |   1786 |    155 |      0 |   1495 |   4 |  485.2 |
       Dungeon |   1899 |   1744 |    155 |      0 |   1474 |   3 |  633.0 |
         Sewer |     41 |     41 |      0 |      0 |     21 |   1 |   41.0 |
               +--------+--------+--------+--------+--------+-----+--------+

Top non-repeatable levels by time:
     D:1: 881 daAuts
     D:2: 810 daAuts
     D:3: 207 daAuts
   Sewer: 41 daAuts
